Match 45328473
Unlisted

Match 45328473
End
Vickers Machine Gun Team
Construct Section Command Post
Dingo Light Scout Car
Infantry Section
Infantry Section
Construct Platoon Command Post
CMP 15cwt Truck
Selects Indian Artillery Battlegroup
Selects Artillery Saturation
6-pounder Anti-tank Gun Team
Construct Company Command Post
Royal Engineer Section
Selects Off-map Airburst Barrage
Off-map Airburst Barrage
Crusader II Medium Tank
Off-map Airburst Barrage
Selects BL5.5 Artillery Emplacement
Royal Engineer Section
Royal Engineer Section
Off-map Airburst Barrage
Foot Guards Section
CMP 15cwt Truck
Selects Valour
Selects Gurkha Rifles Section
Unlock M3 Grant Medium Tanks
Off-map Airburst Barrage
M3 Grant Medium Tank
Off-map Airburst Barrage
M3 Grant Medium Tank
Selects Volunteer Infantry
Armored Vehicle Training
阿吉吉
anioki
抖音二呆
Six
栋栋Kimtung
Ukeysun
LucaChen
歪咔曲啃(绝地逃兵)
0
0

Comments sign in to comment!

No comments posted yet!